 Dungeon Crawl Stone Soup version 0.31.0-11-ge490571c62 (webtiles) character file.

Game seed: 10236561072366854371

84 qw the Shooter (level 4, -1/25 HPs)
             Began as a Deep Elf Hunter on Feb 5, 2024.
             Slain by an orc wizard
             ... wielding a +0 dagger
              (2 damage)
             ... on level 3 of the Dungeon.
             The game lasted 00:00:07 (1379 turns).

qw the Shooter (Deep Elf Hunter)                    Turns: 1379, Time: 00:00:07

Health: -1/25      AC:  7    Str:  8    XL:     4   Next: 24%
Magic:  6/6        EV: 14    Int: 14    God:
Gold:   91         SH:  0    Dex: 26    Spells: 3/3 levels left

rFire   + . .        a - +1 shortbow
rCold   . . .        (shield currently unavailable)
rNeg    . . .        h - +3 leather armour
rPois   .            (no helmet)
rElec   .            i - +0 cloak
rCorr   .            (no gloves)
SInv    .            (no boots)
Will    .....        (no amulet)
Stlth   +            m - ring of protection from fire
HPRegen 0.24/turn    k - +6 ring of dexterity
MPRegen 0.10/turn

%: no passive effects
@: confused
A: no striking features
a: no special abilities


You were on level 3 of the Dungeon.
You visited 1 branch of the dungeon, and saw 3 of its levels.

You collected 91 gold pieces.


   Skills:
 - Level 1.5 Fighting
 + Level 7.1 Ranged Weapons
 - Level 3.5 Dodging
 - Level 1.2 Stealth


You had 3 spell levels left.
You didn't know any spells.
Your spell library was empty.

Inventory:

Hand Weapons
 a - a +1 shortbow (weapon)
Armour
 h - a +3 leather armour (worn)
 i - a +0 cloak (worn)
Jewellery
 k - a +6 ring of dexterity (right hand)
 m - a ring of protection from fire (left hand)
 Y - a +6 ring of strength
Potions
 e - 3 potions of might
 f - a potion of haste
 g - a potion of degeneration {unknown}
 l - a potion of ambrosia {unknown}
 n - a potion of enlightenment {unknown}
 o - a potion of berserk rage {unknown}
 q - a potion of magic {unknown}

Dungeon Overview and Level Annotations

Branches:
Dungeon (3/15)

Altars:
Nemelex Xobeh

Annotations:
D:3 1 transporter


Message History

You hear some strange, mumbled words.
A magic dart appears from out of thin air!
The magic dart hits you but does no damage.
The orc closely misses you.
You feel less confused. The orc hits you but does no damage.
A quokka comes into view.
You shoot an arrow. The arrow completely misses the orc.
The orc completely misses you. Something hits you.
You shoot an arrow. The arrow barely misses the quokka.
The arrow completely misses the orc.
The quokka bites you but does no damage.
The orc closely misses you. Something hits you but does no damage.
You shoot an arrow.
The arrow hits the quokka but does no damage.
The quokka bites you but does no damage.
The orc barely misses you. Something hits you but does no damage.
You shoot an arrow. The arrow hits the quokka!
You kill the quokka!
Something hits you but does no damage.
The orc hits you from afar with a +0 trident.
You shoot an arrow. The arrow hits the orc!
You kill the orc!
Something hits you.
The orc hits you from afar with a +0 trident.
You shoot an arrow. The arrow closely misses the orc.
The arrow hits the orc!
You kill the orc!
You hear some strange, mumbled words.
You are confused.
The orc hits you but does no damage.
You hear some strange, mumbled words.
You are more confused.
The orc hits you but does no damage. Something hits you.
The orc hits you but does no damage. Something hits you.
The orc barely misses you. The orc misses you.
Something hits you but does no damage. Something hits you but does no damage.
The orc closely misses you. Something hits you. The orc completely misses you.
Something hits you.
You die...

#...#..#
##.###..#
#.)###..#
....%..#<....#
###....#####.#
##.#. #.#
#.#..## #.# #
#.....#.#
#.....{@#
#######o# .).
###.# ). .#.
... ^. .


You could see an orc.

Vanquished Creatures
  An orc wizard (D:3)
  An adder (D:2)
  A dart slug (D:2)
  6 orcs (D:3)
  2 ball pythons (D:1)
  3 bats
  3 endoplasms
  3 giant cockroaches
  5 goblins
  4 hobgoblins
  2 kobolds (D:2)
  2 quokkas
  3 frilled lizards
  3 rats
39 creatures vanquished.

Notes
Turn   | Place    | Note
-------+----------+-------------------------------------------
     0 | D:1      | qw the Deep Elf Hunter began the quest for the Orb.
     0 | D:1      | Reached XP level 1. HP: 12/12 MP: 3/3
     0 | D:1      | 0 ||| qw: Version: 0.3-a-160-g6735b56
     0 | D:1      | 0 ||| qw: Game counter: 6267
     0 | D:1      | 0 ||| qw: Melee chars always use a shield: true
     0 | D:1      | 0 ||| qw: God list: Okawaru
     0 | D:1      | 0 ||| qw: Allow faded altars: false
     0 | D:1      | 0 ||| qw: Do Orc after clearing Dungeon:15 true
     0 | D:1      | 0 ||| qw: Do second Lair branch before Depths: true
     0 | D:1      | 0 ||| qw: Lair rune preference: random
     0 | D:1      | 0 ||| qw: Goals: Normal
     0 | D:1      | 0 ||| PLANNING D:1-11
    17 | D:1      | 17 ||| READING scroll labelled MYURADWERRO.
    17 | D:1      | 17 ||| ENCHANTING +0 shortbow.
    18 | D:1      | 18 ||| DRINKING 2 viscous blue potions.
    19 | D:1      | 19 ||| DROPPING scroll of butterflies.
   162 | D:1      | Reached skill level 6 in Ranged Weapons
   162 | D:1      | Reached XP level 2. HP: 16/16 MP: 4/4
   432 | D:1      | 432 ||| UPGRADING to +3 leather armour.
   442 | D:1      | 442 ||| DROPPING +0 leather armour.
   443 | D:1      | 443 ||| UPGRADING to +0 cloak.
   448 | D:1      | 448 ||| UPGRADING to +6 ring of strength.
   449 | D:1      | 449 ||| READING scroll labelled WAMOEJE PESK.
   465 | D:2      | Found a sparkling altar of Nemelex Xobeh.
   621 | D:2      | Reached XP level 3. HP: 20/20 MP: 5/5
  1169 | D:2      | 1169 ||| UPGRADING to +6 ring of dexterity.
  1170 | D:2      | 1170 ||| UPGRADING to ring of protection from fire.
  1172 | D:2      | 1172 ||| READING 2 scrolls labelled FIGY BAUCOPO.
  1172 | D:2      | 1172 ||| IDENTIFYING cyan potion
  1173 | D:2      | 1173 ||| READING scroll of identify.
  1173 | D:2      | 1173 ||| IDENTIFYING pink potion
  1174 | D:2      | 1174 ||| READING 4 scrolls labelled WATSO ESEZ.
  1211 | D:2      | 1211 ||| READING 2 scrolls labelled CENASTR URHUINOH.
  1212 | D:2      | 1212 ||| DROPPING 3 scrolls of torment.
  1213 | D:2      | 1213 ||| DROPPING scroll of amnesia.
  1253 | D:3      | 1253 ||| DRINKING potion of curing.
  1253 | D:3      | 1253 ||| (to cure confusion)
  1261 | D:3      | HP: 4/20 [something/magic dart (5)]
  1263 | D:3      | Reached skill level 3 in Dodging
  1263 | D:3      | Reached XP level 4. HP: 5/25 MP: 6/6
  1268 | D:3      | 1268 ||| FLEEEEING.
  1273 | D:3      | 1273 ||| FLEEEEING.
  1277 | D:3      | 1277 ||| FLEEEEING.
  1288 | D:3      | 1288 ||| FLEEEEING.
  1349 | D:3      | Reached skill level 7 in Ranged Weapons
  1353 | D:3      | Found a transporter.
  1374 | D:3      | HP: 6/25 [something (2)]
  1378 | D:3      | HP: 1/25 [something (3)]
  1379 | D:3      | Slain by an orc wizard

Levels and vault maps discovered:
D:1:      dpeg_arrival_windows_large_door, layout_rooms, hangedman_glass_teeth
D:2:      layout_loops_ring, basic_altar
D:3:      gammafunk_steamed_eel, layout_basic, ebering_ecumenical_altar_mist,
          minmay_misc_feat_iff, minmay_ruptured

Skill      XL: |  1  2  3  4 |
---------------+-------------+-----
Ranged Weapons | 6 7 |  7.1
Dodging        | 3 |  3.5
Fighting       | |  1.5
Stealth        | |  1.2

Action                     |  1- 3 |  4- 6 || total
---------------------------+-------+-------++-------
   Fire: Shortbow          |    90 |    14 ||   104
    Use: Scroll            |     6 |       ||     6
         Potion            |     2 |       ||     2
 Armour: Leather armour    |    33 |    23 ||    56
  Dodge: Dodged            |    24 |    10 ||    34

Table legend:
 A = Non-vault XP
 B = Vault XP
 C = Vault XP percentage of total XP
 D = Non-vault monster count
 E = Vault monster count
 F = Vault count percentage of total count
                 A         B        C        D         E       F
            +---------+---------+-------+---------+---------+-------
      Total |     115 |       6 |   5.0 |      36 |       3 |   7.7
            +---------+---------+-------+---------+---------+-------
        D:1 |      25 |       0 |   0.0 |      14 |       0 |   0.0
        D:2 |      35 |       0 |   0.0 |      13 |       0 |   0.0
        D:3 |      55 |       6 |   9.8 |       9 |       3 |  25.0
            +---------+---------+-------+---------+---------+-------
